 Dungeon Crawl Stone Soup version 0.29-a0-553-g81b289dbe5 (webtiles) character file.

Game seed: 7763606326850919539

1858598 2FriedEggs the Lord of Darkness (level 27, 249/249 HPs)
             Began as a Demonspawn Necromancer on May 23, 2022.
             Was the Champion of Kikubaaqudgha.
             Escaped with the Orb
             ... and 3 runes on June 6, 2022!
             The game lasted 05:05:54 (59807 turns).

2FriedEggs the Lord of Darkness (DsNe)             Turns: 59807, Time: 05:05:55

Health: 249/249    AC: 31    Str: 16    XL:     27
Magic:  47/47      EV: 18    Int: 25    God:    Kikubaaqudgha [******]
Gold:   4123       SH:  9    Dex: 19    Spells: 4/57 levels left

rFire   + + +      SeeInvis +   L - +9 demon trident (pain)
rCold   + + +      Faith    .   I - +3 buckler {rF+}
rNeg    + + +      Spirit   +   N - +3 pearl dragon scales of Lust {rElec rN+ Regen+ Dex+5 Stlth-}
rPois   +          Reflect  .   (helmet unavailable)
rElec   +          Harm     .   u - +0 cloak "Olevat" {rF+ MP+9 Int-4}
rCorr   .          Rampage  .   R - +0 pair of gloves "Cedeadd" {*Slow rC++ Str+6}
Will    +++..                   Q - +2 pair of boots {Stlth+}
Stlth   +.........              w - amulet of regeneration
HPRegen 2.11/turn               d - ring "Fangiz" {Fly rN+ Will+}
MPRegen 0.60/turn               r - ring of Ycweamaq {Wiz rPois rN++ Dex-2}

@: flying, studying 2 skills
A: antennae 3, icy blue scales 3, spiny 3, magic shield, magic regeneration,
magic link, corrupting presence 2, word of chaos, agile 1, fire resistance 1,
low MP 1
0: Orb of Zot
}: 3/15 runes: barnacled, silver, gossamer
a: Word of Chaos, Renounce Religion, Unearth Wretches, Torment


You escaped.
You worshipped Kikubaaqudgha.
Kikubaaqudgha was exalted by your worship.
You visited 11 branches of the dungeon, and saw 52 of its levels.
You visited 3 bazaars.
You also visited: Trove, Ice Cave and Desolation.

You collected 11636 gold pieces.
You spent 7513 gold pieces at shops.

Inventory:

Hand Weapons
 c - a +6 vampiric demon trident
 f - a +3 demon trident of electrocution
 L - a +9 demon trident of pain (weapon)
Missiles
 g - 7 throwing nets
 G - 14 curare-tipped darts
Armour
 o - the +2 cloak "Uvuiruess" {rElec rPois}
   (You found it in a treasure trove)

   rElec:     It insulates you from electricity.
   rPois:     It protects you from poison.
 u - the +0 cloak "Olevat" (worn) {rF+ MP+9 Int-4}
   (You found it in the Desolation of Salt)

   Int:       It affects your intelligence (-4).
   rF:        It protects you from fire.
   MP:        It affects your magic capacity (+9).
 I - a +3 buckler of fire resistance (worn)
 N - the +3 pearl dragon scales of Lust (worn) {rElec rN+ Regen+ Dex+5 Stlth-}
   (You bought it in a shop on level 4 of the Shoals)

   Dex:       It affects your dexterity (+5).
   rElec:     It insulates you from electricity.
   rN:        It protects you from negative energy.
   Regen:     It increases your rate of health regeneration.
   Stlth:     It makes you less stealthy.
 Q - a +2 pair of boots of stealth (worn)
 R - the +0 pair of gloves "Cedeadd" (worn) {*Slow rC++ Str+6}
   (You acquired it on level 13 of the Dungeon)

   Str:       It affects your strength (+6).
   rC:        It greatly protects you from cold.
   *Slow:     It may slow you when you take damage.
Magical Staves
 J - a staff of death
Jewellery
 d - the ring "Fangiz" (left hand) {Fly rN+ Will+}
   (You bought it in a shop in a bazaar)

   [ring of positive energy]

   rN:        It protects you from negative energy.
   Fly:       It grants you flight.
   Will:      It increases your willpower.
 m - a ring of willpower
 p - the ring "Oraamn" {Fly rF+ Str-3 Dex+6 Slay+6}
   (You found it in the Desolation of Salt)

   [ring of dexterity]

   Str:       It affects your strength (-3).
   Dex:       It affects your dexterity (+6).
   Slay:      It affects your accuracy & damage with ranged weapons and melee
   (+6).
   rF:        It protects you from fire.
   Fly:       It grants you flight.
 r - the ring of Ycweamaq (right hand) {Wiz rPois rN++ Dex-2}
   (You found it on level 5 of the Vaults)

   [ring of wizardry]

   It improves your spell success rate.
   Dex:       It affects your dexterity (-2).
   rPois:     It protects you from poison.
   rN:        It greatly protects you from negative energy.
 w - an amulet of regeneration (around neck)
 D - a +4 ring of protection
 F - the amulet "Qoycuockei" {Reflect +Blink rF+ SH+5}
   (You found it on level 3 of the Elven Halls)

   [amulet of reflection]

   It reflects blocked missile attacks.
   rF:        It protects you from fire.
   +Blink:    It lets you blink.
   SH:        It affects your SH (+5).
 M - the ring of Mirth {Str+6 Int+3}
   (You found it on level 2 of the Realm of Zot)

   [ring of strength]

   Str:       It affects your strength (+6).
   Int:       It affects your intelligence (+3).
 O - the dreamshard necklace {*Dream Drain}
   (You found it on level 5 of the Realm of Zot)

   [amulet of nothing]

   It shatters if its wearer takes lethal or near-lethal damage, preventing the
   blow and releasing protective dreams that heal and fight for the wearer.
   Drain:     It drains your maximum health when unequipped.
 P - the ring of Ucro {rPois rC+}
   (You found it on level 3 of the Lair of Beasts)

   [ring of poison resistance]

   rC:        It protects you from cold.
   rPois:     It protects you from poison.
 U - the ring of Tytyewel {rC+ rCorr}
   (You found it on level 1 of the Vaults)

   [ring of resist corrosion]

   rC:        It protects you from cold.
   rCorr:     It protects you from acid and corrosion.
 Y - the ring of Janefodd {rC+ rN+ Str-5 Slay+3}
   (You found it in a treasure trove)

   [ring of protection from cold]

   Str:       It affects your strength (-5).
   Slay:      It affects your accuracy & damage with ranged weapons and melee
   (+3).
   rC:        It protects you from cold.
   rN:        It protects you from negative energy.
Wands
 q - a wand of iceblast (17)
 s - a wand of paralysis (18)
 y - a wand of acid (13)
 W - a wand of digging (29)
Scrolls
 e - 24 scrolls of teleportation
 h - 5 scrolls of vulnerability
 k - 3 scrolls of magic mapping
 v - 9 scrolls of enchant armour
 z - 7 scrolls of immolation
 B - 8 scrolls of fear
 C - 9 scrolls of poison
 H - 3 scrolls of silence
 T - 8 scrolls of blinking
 V - 2 scrolls of brand weapon
 Z - 8 scrolls of fog
Potions
 a - 22 potions of curing
 b - 3 potions of magic
 i - 5 potions of haste
 j - 4 potions of invisibility
 l - 11 potions of might
 n - 7 potions of brilliance
 t - 8 potions of resistance
 x - 10 potions of cancellation
 A - 6 potions of mutation
 E - 17 potions of heal wounds
 K - 9 potions of ambrosia
 S - 14 potions of attraction
Miscellaneous
 X - a condenser vane


   Skills:
 O Level 27 Fighting
 - Level 14.0 Polearms
 + Level 16.3 Armour
 + Level 16.4 Dodging
 - Level 1.7 Stealth
 - Level 6.1 Shields
 - Level 15.9 Spellcasting
 O Level 27 Necromancy
 - Level 10.7 Translocations


You had 4 spell levels left.
You knew the following spells:

 Your Spells              Type           Power      Damage    Failure   Level
a - Borgnjor's Vile Clut  Necr/Erth      36%        N/A       1%          5
b - Manifold Assault      Tloc           65%        N/A       1%          5
c - Animate Dead          Necr           100%       N/A       0%          4
d - Infestation           Necr           50%        N/A       1%          8
e - Sublimation of Blood  Necr           100%       N/A       0%          2
f - Death Channel         Necr           50%        N/A       0%          6
g - Dispel Undead         Necr           100%       3d31      0%          4
h - Agony                 Necr           100%       N/A       0%          5
i - Blink                 Tloc           100%       N/A       1%          2
j - Vampiric Draining     Necr           100%       2d13      0%          3
k - Death's Door          Necr           50%        N/A       6%          9

Your spell library contained the following spells:

 Spells                   Type           Power      Damage    Failure   Level
 Necrotize                Necr           100%       1d9       0%          1
 Apportation              Tloc           100%       N/A       1%          1
 Gell's Gravitas          Tloc           65%        N/A       1%          3
 Lesser Beckoning         Tloc           65%        N/A       1%          3
 Teleport Other           Tloc           65%        N/A       1%          3
 Corpse Rot               Necr/Pois/Air  60%        N/A       1%          4
 Passage of Golubria      Tloc           65%        N/A       1%          4
 Foxfire                  Conj/Fire      76%        2x1d7     4%          1
 Freeze                   Ice            76%        1d9       4%          1
 Shock                    Conj/Air       76%        1d7       4%          1
 Slow                     Hex            76%        N/A       4%          1
 Sting                    Tmut/Pois      76%        1d6       4%          1
 Summon Small Mammal      Summ           76%        N/A       4%          1
 Iskenderun's Mystic Bla  Conj/Tloc      46%        2d10      4%          4
 Poisonous Vapours        Pois/Air       38%        N/A       6%          2
 Scorch                   Fire           38%        2d6       6%          2
 Static Discharge         Conj/Air       19%        N/A       6%          2
 Call Canine Familiar     Summ           19%        N/A       12%         3
 Confusing Touch          Hex            19%        N/A       12%         3
 Conjure Flame            Conj/Fire      19%        6-21      12%         3
 Dazzling Flash           Conj/Hex       38%        N/A       12%         3
 Frozen Ramparts          Ice            38%        1d5       12%         3
 Ignite Poison            Fire/Tmut/Pois 19%        N/A       12%         3
 Inner Flame              Hex/Fire       19%        N/A       12%         3
 Mephitic Cloud           Conj/Pois/Air  19%        N/A       12%         3
 Ozocubu's Armour         Ice            19%        N/A       12%         3
 Stone Arrow              Conj/Erth      38%        3d9       12%         3
 Summon Guardian Golem    Hex/Summ       19%        N/A       12%         3
 Swiftness                Air            19%        N/A       12%         3
 Airstrike                Air            9%         N/A       36%         4
 Animate Armour           Summ/Erth      38%        N/A       36%         4
 Cause Fear               Hex            9%         N/A       36%         4
 Flame Wave               Conj/Fire      19%        2d6       36%         4
 Fulminant Prism          Conj/Hex       9%         3d7       36%         4
 Hailstorm                Conj/Ice       19%        3d6       36%         4
 Ice Form                 Ice/Tmut       19%        N/A       36%         4
 Leda's Liquefaction      Hex/Erth       9%         N/A       36%         4
 Olgreb's Toxic Radiance  Pois           19%        N/A       36%         4
 Petrify                  Tmut/Erth      19%        N/A       36%         4
 Summon Ice Beast         Ice/Summ       19%        N/A       36%         4
 Borgnjor's Revivificati  Necr           50%        N/A       1%          8
 Simulacrum               Ice/Necr       36%        N/A       2%          6
 Dispersal                Tloc           32%        N/A       8%          6
 Summon Forest            Summ/Tloc      23%        N/A       12%         5
 Haunt                    Necr/Summ      36%        N/A       13%         7
 Necromutation            Tmut/Necr      36%        N/A       67%         8
 Alistair's Intoxication  Tmut/Pois      12%        N/A       69%         5
 Freezing Cloud           Conj/Ice/Air   9%         6-21      69%         5
 Lee's Rapid Deconstruct  Erth           9%         3d8*      69%         5
 Lightning Bolt           Conj/Air       9%         1d22      69%         5
 Metabolic Englaciation   Hex/Ice        9%         N/A       69%         5
 Silence                  Hex/Air        9%         N/A       69%         5
 Summon Mana Viper        Hex/Summ       19%        N/A       69%         5
 Yara's Violent Unravell  Hex/Tmut       9%         3d6       69%         5
 Disjunction              Tloc           32%        N/A       95%         8
 Malign Gateway           Summ/Tloc      23%        N/A       97%         7
 Conjure Ball Lightning   Conj/Air       9%         3x3d6     99%         6
 Eringya's Noxious Bog    Tmut/Pois      9%         N/A       99%         6
 Starburst                Conj/Fire      9%         6d5       99%         6
 Statue Form              Tmut/Erth      12%        N/A       99%         6
 Summon Cactus Giant      Summ           9%         N/A       99%         6
 Enfeeble                 Hex            9%         N/A       100%        7
 Monstrous Menagerie      Summ           9%         N/A       100%        7
 Orb of Destruction       Conj           9%         9d6       100%        7
 Ozocubu's Refrigeration  Ice            9%         4d6       100%        7
 Spellforged Servitor     Conj/Summ      9%         N/A       100%        7
 Discord                  Hex            9%         N/A       100%        8
 Lehudib's Crystal Spear  Conj/Erth      9%         10d4      100%        8
 Maxwell's Capacitive Co  Air            9%         ∞         100%        8
 Summon Horrible Things   Summ           9%         N/A       100%        8


Dungeon Overview and Level Annotations

Branches:
Dungeon (15/15)            Temple (1/1) D:7            Lair (6/6) D:10
 Shoals (4/4) Lair:3       Spider (4/4) Lair:3        Slime (0/5) Lair:6
    Orc (2/2) D:9             Elf (3/3) Orc:2        Vaults (5/5) D:14
  Crypt (3/3) Vaults:3       Tomb (0/3) Crypt:3      Depths (4/4) D:15
    Zot (5/5) Depths:4      IceCv (visited)         Desolation (visited)

Altars:
Ashenzari
Cheibriados
Dithmenos
Elyvilon
Fedhas
Hepliaklqana
Kikubaaqudgha
Okawaru
Qazlal
Sif Muna
Vehumet
Wu Jian
Xom
Yredelemnul
Zin
The Shining One
Lugonu

Shops:
D:12 !(   D:14 [   Orc:2 [[:[   Elf:2 (   Elf:3 **[*:   Shoals:2 [   Shoals:3 *
Shoals:4 [   Vaults:2 *   Vaults:3 **[*(   Vaults:5 :   Depths:1 [:(

Portals:
Hell: Depths:1 Depths:2 Depths:3 Depths:4
Abyss: Depths:1 Depths:3
Pandemonium: Depths:2 Depths:3 Depths:4
Ziggurat: Depths:2

Annotations:
Lair:1 2 transporters
Elf:2 3 runed translucent doors
Depths:3 1 runed translucent door, Zidour's ghost, adept DsBe


Innate Abilities, Weirdness & Mutations

You have a pair of large antennae on your head. (SInv)
You are completely covered in icy blue scales. (AC +4, rC+)
You are completely covered in sharp spines.
When hurt, damage is shared between your health and your magic reserves.
You regenerate magic rapidly.
When low on magic, you restore magic in place of health.
Your presence sometimes corrodes or deforms those you injure.
You can speak a Word of Chaos.
You are agile. (Dex +2)
Your flesh is heat resistant. (rF+)
Your magical capacity is low. (-10% MP)


Message History

Your death scarab bites the Hell Sentinel but does no damage.
Your death scarab completely misses the Hell Sentinel.
The Hell Sentinel gestures at you.
The sphere of damnation explodes!
The damnation engulfs your death scarab!!!
Your death scarab is destroyed!
There is a stone staircase leading up here.
You fly upwards.
There is a stone staircase leading down here.
Unknown command.
There is a stone staircase leading up here.
You fly upwards.
A balrug and 3 sun demons come into view.
The balrug is wielding a +2 demon whip of flaming.
There is a stone staircase leading down here.
The sun demon shouts!
The sun demon moves out of view.
There is a stone staircase leading up here.
You fly upwards.
There is a stone staircase leading down here.
You sense a monster nearby.
A shadow demon comes into view.
You reach to attack!
You hit the shadow demon.
The shadow demon is lightly wounded.
You reach to attack!
You puncture the shadow demon!
The shadow demon is moderately wounded.
You puncture the shadow demon!
The shadow demon is heavily wounded.
You puncture the shadow demon!
The shadow demon is severely wounded.
You block the shadow demon's attack.
You impale the shadow demon!!
You kill the shadow demon!
Kikubaaqudgha accepts your kill.
No target in view!
There is an escape hatch in the ceiling here.
A mysterious force pulls you upwards. The hatch slams shut behind you.
There is a shaft here.
There is a staircase leading out of the dungeon here.
You have escaped!

#......#...........
##..#..#..........#
#......#...........
###.#.###..........
##....##........#
##.#..##.......#
##....#######..
######.#.#####....
###@.####...#.##.#.#
##.##..# ##.......#..
##..###.######..#.##..
#...# #..##.#...###..#
#...# ##......####...#
#...###.###.####...#..
#..###.###..#.........
#.##.....#.###.#...##.
#.#..##...##...#...##.


There were no monsters in sight!

Vanquished Creatures
  A dread lich (Zot:5)
  2 ancient liches
  An orb of fire (Zot:5)
  The ghost of gimp the Slayer, a veteran MeFi of Okawaru (Zot:2)
  A Killer Klown (Zot:4)
  6 golden dragons
  A caustic shrike (Depths:2)
  Nikola (Spider:1)
  3 bone dragons
  An electric golem (Zot:5)
  The ghost of valliere the Warrior, an adept DrMo of Okawaru (Vaults:1)
  Jorgrun (Orc:2)
  10 tentacled monstrosities
  A shard shrike skeleton (Crypt:2)
  A lich (Depths:1)
  5 Orb Guardians
  5 quicksilver dragons
  Asterion (Depths:2)
  3 ancient champions (Crypt:3)
  A titan (Vaults:5)
  9 death cobs
  2 sphinxes
  3 tengu reavers
  Gastronok (D:8)
  Roxanne (D:14)
  3 storm dragons
  4 shadow dragons
  A draconian monk (Zot:1)
  2 emperor scorpions
  5 draconian knights
  6 fire giants
  A deep elf sorcerer (Vaults:5)
  4 frost giants
  A curse skull (Crypt:1)
  3 ghost moths
  An imperial myrmidon (Desolation)
  An orc warlord (Vaults:1)
  7 vault wardens
  2 draconian stormcallers
  2 draconian shifters
  2 broodmothers (Spider:4)
  A ghoul (Crypt:1)
  2 draconian annihilators
  9 very ugly things
  5 ironbound preservers
  7 green draconians
  5 stone giants
  An ironbound thunderhulk (Vaults:4)
  Nessos (D:15)
  7 black draconians
  Azrael (D:13)
  6 deep elf demonologists
  2 deep elf annihilators
  8 yellow draconians
  4 purple draconians
  5 white draconians
  2 red draconians
  A spark wasp (Spider:2)
  9 dire elephants
  An eidolon (Crypt:3)
  4 ettins
  A mummy priest (Crypt:3)
  3 merfolk impalers
  Snorg (D:10)
  2 merfolk javelineers
  3 jiangshi
  The ghost of Linoleak the Thaumaturge, a journeyman DrCj of Vehumet (D:12)
  A deep elf death mage (Vaults:5)
  4 fire dragons
  2 deep elf high priests
  2 yaktaur captains
  2 rakshasas
  A hell beast (D:5)
  15 vault guards
  2 peacekeepers
  5 ice dragons
  A spriggan skeleton (Crypt:1)
  7 boulder beetles
  A ghost crab (Spider:2)
  A catoblepas (D:11)
  4 hydras
  2 great orbs of eyes (Vaults:3)
  4 ogre magi
  Erica (D:10)
  8 centaur warriors
  9 ironbound frosthearts
  6 deep troll shamans
  14 two-headed ogres
  2 radroaches
  8 dancing weapons
  A vampire mage (Crypt:1)
  A hell hog (Depths:1)
  2 death knights
  7 death yaks
  Urug (D:11)
  5 deep troll earth magi
  2 spriggan berserkers
  4 deep elf knights
  4 tengu warriors
  An orc high priest (Orc:2)
  2 hell knights
  A sun demon (Depths:4)
  A sun moth (Spider:2)
  A soul eater (Crypt:2)
  2 steelbarb worms (Spider:2)
  An anaconda zombie (Crypt:3)
  11 skeletal warriors
  A sea snake (Shoals:1)
  5 iron trolls
  3 glowing orange brains
  4 orb spiders (Spider:4)
  21 deep trolls
  A harpy (shapeshifter) (D:14)
  5 wizards
  7 lindwurms
  A shadow demon (D:2)
  A flayed ghost (Depths:3)
  2 deep elf archers
  An anaconda skeleton (Crypt:1)
  A harpy (Vaults:2)
  13 deep elf zephyrmancers
  Pikel (D:4)
  2 phantasmal warriors
  A necromancer (Vaults:1)
  2 ironbound convokers
  21 ugly things
  4 wolf spiders
  2 elephants (Lair:4)
  13 deep elf pyromancers
  A cyclops (shapeshifter) (Depths:4)
  3 cyclopes
  14 moths of wrath
  5 manticores
  3 guardian serpents
  A merfolk siren (Shoals:2)
  4 smoke demons
  7 vault sentinels
  Maurice (D:10)
  4 water nymphs
  5 black mambas
  A torpor snail (Lair:6)
  7 cane toads
  A centaur skeleton (Crypt:3)
  An alligator snapping turtle zombie (Crypt:1)
  Maggie (D:8)
  2 dire elephant skeletons
  5 rime drakes
  An unseen horror (D:11)
  A demonic crawler (Spider:4)
  4 komodo dragons
  3 kobold demonologists
  An ice devil (Depths:4)
  5 yaktaurs
  2 efreet (D:15)
  3 freezing wraiths
  2 hellwings
  A tormentor (Depths:2)
  4 tyrant leeches (Lair:6)
  3 burning bushes (Lair:2)
  A merfolk (shapeshifter) (D:15)
  3 polar bears
  6 guardian mummies (Crypt:3)
  3 wind drakes
  4 merfolk
  3 trolls
  8 hornets
  A harpy skeleton (Crypt:2)
  14 slime creatures
  A snapping turtle (Shoals:3)
  2 tarantellas (Spider:2)
  7 saltlings (Desolation)
  8 blink frogs
  A flying skull (Crypt:3)
  2 air elementals
  4 jumping spiders
  2 water elementals (Elf:3)
  3 culicivoras
  A spriggan (D:14)
  A shadow (D:10)
  3 wyverns
  4 wraiths
  A human (shapeshifter) (D:14)
  A human (D:8)
  33 yaks
  6 hogs
  2 steam dragons
  3 redbacks
  A basilisk (Lair:3)
  A chaos spawn (Depths:4)
  4 vampire mosquitoes
  4 wargs
  2 acid dragons (D:11)
  20 water moccasins
  A fire bat skeleton (Crypt:1)
  4 hell hounds (D:13)
  An ice beast (Vaults:3)
  2 black bears
  13 orc warriors
  9 ogres
  16 wolves
  An ogre (shapeshifter) (Vaults:5)
  10 centaurs
  2 phantoms (D:5)
  A draconian zombie (Crypt:2)
  4 kobold brigands
  6 bullfrogs
  2 necrophages
  3 gnoll sergeants
  3 scorpions
  15 wights
  3 killer bees (D:9)
  2 electric eels (Spider:2)
  6 howler monkeys
  A crimson imp (D:14)
  4 hounds (D:5)
  A jelly (D:6)
  10 orc priests
  Terence (D:2)
  4 iguanas
  16 orc wizards
  Natasha (twice) (D:2)
  A mummy (Crypt:3)
  19 gnolls
  11 adders
  2 ufetubi
  A worm (D:4)
  2 dart slugs
  42 orcs
  7 endoplasms
  4 giant cockroaches
  9 goblins
  8 hobgoblins
  2 jackals (D:2)
  A quokka (D:1)
  5 ball pythons
  9 bats
  3 frilled lizards
  7 kobolds
  3 rats
996 creatures vanquished.

Vanquished Creatures (collateral kills)
  3 dread liches
  Mennas (Depths:3)
  5 ancient liches
  5 orbs of fire
  Sojobo (Vaults:5)
  Josephina (Depths:2)
  6 Killer Klowns (Zot:5)
  Vv (Depths:2)
  A curse toe (Zot:1)
  6 golden dragons
  4 electric golems
  6 tentacled monstrosities
  Mlioglotl (Shoals:3)
  Rupert (Lair:6)
  2 liches
  3 titans
  2 deep elf master archers (Elf:3)
  2 deep elf blademasters (Elf:3)
  21 Orb Guardians (Zot:5)
  Polyphemus (Shoals:2)
  4 quicksilver dragons
  2 ancient champions
  Kirke (D:13)
  5 sphinxes
  3 shadow dragons
  Agnes (Elf:1)
  5 death cobs
  8 tengu reavers
  A revenant (Crypt:2)
  A draconian monk (Zot:3)
  8 storm dragons
  6 fire giants
  8 frost giants
  2 emperor scorpions (Spider:4)
  Ilsuiw (Shoals:2)
  2 iron dragons
  Aizul (Shoals:1)
  3 ghost moths
  2 deep elf sorcerers
  A balrug (Depths:1)
  2 imperial myrmidons (Desolation)
  A draconian knight (Zot:3)
  6 draconian scorchers
  5 vault wardens
  3 deep elf elementalists (Elf:3)
  Louise (Shoals:2)
  4 draconian stormcallers
  A curse skull (Crypt:1)
  19 very ugly things
  4 draconian shifters
  A cacodemon (Depths:2)
  A broodmother (Spider:4)
  4 draconian annihilators
  2 war gargoyles
  2 ironbound thunderhulks
  8 stone giants
  12 ironbound preservers
  6 deep elf demonologists
  7 deep elf annihilators
  6 vampire knights
  3 spark wasps
  5 purple draconians
  3 green draconians
  5 black draconians
  6 yellow draconians
  12 dire elephants
  8 white draconians
  3 entropy weavers
  A halazid warlock (Desolation)
  4 eidola
  A red draconian (Zot:1)
  5 ettins
  5 crystal guardians
  11 deep elf death magi
  15 jiangshi
  8 merfolk impalers
  2 merfolk javelineers
  A fire dragon (Depths:4)
  A quicksilver dragon zombie (Crypt:2)
  10 yaktaur captains
  3 deep elf high priests
  13 servants of whispers (Desolation)
  3 ragged hierophants (Desolation)
  5 great orbs of eyes
  5 boulder beetles
  2 ice dragons
  A merfolk avatar (Shoals:4)
  8 peacekeepers
  5 ogre magi
  21 vault guards
  A spriggan air mage (Depths:4)
  2 rakshasas
  11 centaur warriors
  6 ironbound frosthearts
  A catoblepas (Shoals:2)
  4 hydras
  5 merfolk aquamancers
  12 two-headed ogres
  A death knight (Crypt:1)
  A ghost crab (Spider:2)
  2 jorogumos
  3 alligator snapping turtles
  9 dancing weapons
  4 deep troll shamans
  4 satyrs
  6 death yaks
  6 vampire magi
  An orc high priest (Elf:1)
  3 tengu warriors
  3 deep troll earth magi
  A spriggan berserker (Depths:4)
  5 soul eaters
  2 hell knights (Depths:1)
  4 sun demons (Depths:1)
  2 shadow wraiths
  9 deep elf knights
  5 iron trolls
  A sixfirhy (Depths:2)
  4 pharaoh ants
  28 skeletal warriors
  2 flayed ghosts
  5 steelbarb worms
  38 deep trolls
  A sun moth (Spider:3)
  6 orb spiders
  8 deep elf archers
  2 glowing orange brains
  8 sea snakes
  2 orc knights (Vaults:5)
  6 wizards
  2 spectral wolf spiders (Spider:4)
  23 ironbound convokers
  An obsidian statue (Zot:5)
  2 wolf spider zombies (Spider:4)
  A necromancer (Vaults:5)
  10 harpies
  4 phantasmal warriors
  A bunyip skeleton (Crypt:1)
  20 wolf spiders
  10 lindwurms
  4 oklob plants (Lair:6)
  26 ugly things
  A wolf spider (shapeshifter) (Vaults:5)
  13 deep elf pyromancers
  9 manticores
  13 fauns
  21 deep elf zephyrmancers
  3 cyclopes
  12 elephants
  A stone giant skeleton (Crypt:3)
  28 moths of wrath
  13 merfolk sirens
  A dire elephant zombie (Crypt:1)
  An orange demon (Depths:2)
  A rust devil (Depths:4)
  14 vault sentinels
  9 torpor snails
  8 black mambas
  An ice statue (IceCv)
  2 guardian serpents (Desolation)
  A frost giant skeleton (Crypt:3)
  A titan simulacrum (Vaults:5)
  2 smoke demons (Depths:1)
  4 water nymphs
  A hellion (Depths:4)
  A cane toad (shapeshifter) (D:13)
  12 demonic crawlers
  7 rime drakes
  Psyche (D:8)
  A storm dragon simulacrum (Vaults:5)
  12 cane toads
  5 freezing wraiths (Crypt:1)
  An ice devil (Depths:4)
  A tengu conjurer (Depths:3)
  A redback zombie (Crypt:3)
  11 komodo dragons
  16 yaktaurs
  A hydra zombie (Crypt:3)
  A guardian mummy (Crypt:3)
  2 red devils
  27 merfolk
  A troll (Vaults:5)
  4 polar bears
  6 meliai
  6 tyrant leeches (Spider:2)
  6 wolf spider simulacra (Spider:4)
  5 hornets
  A wind drake (shapeshifter) (Vaults:5)
  8 wind drakes
  18 slime creatures
  18 tarantellas
  54 saltlings (Desolation)
  17 blink frogs
  2 fire giant simulacra (Depths:2)
  12 dream sheep (Lair:4)
  A harpy skeleton (Crypt:1)
  10 snapping turtles
  26 jumping spiders
  4 air elementals
  4 flying skulls (Crypt:2)
  A deep troll skeleton (Vaults:5)
  A ynoxinul (Depths:4)
  19 culicivoras
  An ettin skeleton (Crypt:3)
  4 wraiths
  9 water elementals
  A shadow (D:13)
  8 wyverns
  8 fire elementals
  A hog (D:8)
  4 basilisks
  44 yaks
  A yaktaur simulacrum (Vaults:5)
  A neqoxec (Depths:2)
  4 vampire mosquitoes
  40 redbacks
  2 wargs
  A naga zombie (Crypt:1)
  3 hell hounds (D:13)
  21 water moccasins
  A cane toad zombie (Crypt:3)
  A faun skeleton (Crypt:2)
  A two-headed ogre skeleton (Crypt:1)
  9 orc warriors
  A black bear (Lair:2)
  A demonspawn skeleton (Crypt:3)
  11 wolves
  An ettin simulacrum (Vaults:5)
  19 ogres
  5 centaurs
  A dream sheep skeleton (Crypt:2)
  A shining eye zombie (Crypt:1)
  A snapping turtle skeleton (Crypt:1)
  A phantom (D:5)
  A kobold brigand (D:12)
  A gnoll sergeant (D:11)
  4 earth elementals
  6 bullfrogs
  A glowing shapeshifter simulacrum (Depths:2)
  4 wights
  A shapeshifter zombie (Crypt:2)
  A killer bee (D:9)
  4 electric eels
  A wolf zombie (Crypt:1)
  A centaur zombie (Crypt:1)
  A jelly (D:6)
  8 orc priests
  8 orc wizards
  A hound zombie (Crypt:1)
  A gnoll (D:12)
  An adder (Lair:5)
  37 orcs
  A goblin (D:3)
  2 hobgoblins
  2 kobolds (D:12)
  A gnoll skeleton (Crypt:2)
  2 rats
  A river rat skeleton (Crypt:1)
  9 plants
1527 creatures vanquished.

Vanquished Creatures (others)
  A juggernaut (Crypt:2)
  A caustic shrike (Depths:3)
  2 golden dragons
  2 quicksilver dragons
  A death cob (Zot:1)
  2 storm dragons
  A draconian knight (Zot:3)
  An azure jelly (Crypt:3)
  A shadow dragon (Crypt:3)
  A fenstrider witch (Crypt:2)
  An iron dragon (Depths:2)
  A rockslime (Crypt:3)
  A deep elf sorcerer (Elf:3)
  A frost giant (Depths:2)
  4 imperial myrmidons (Desolation)
  A draconian stormcaller (Zot:4)
  4 spriggan defenders
  2 ghost moths (Zot:5)
  2 ironbound preservers (Vaults:1)
  A green draconian (Zot:5)
  A stone giant (Crypt:3)
  2 Killer Klown zombies (Zot:5)
  A dire elephant (Vaults:5)
  2 white draconians (Zot:5)
  A spark wasp (Crypt:3)
  An entropy weaver (Vaults:5)
  2 ettins
  A fire dragon (Crypt:3)
  A quicksilver dragon zombie (Zot:5)
  4 merfolk impalers
  A fenstrider witch zombie (Crypt:2)
  A boulder beetle (Vaults:5)
  A spriggan air mage (Crypt:3)
  An ice dragon (Depths:2)
  A centaur warrior (Crypt:2)
  An anaconda (Crypt:3)
  A two-headed ogre (shapeshifter) (Vaults:5)
  An ogre mage (D:11)
  An Orb Guardian zombie (Zot:5)
  2 alligators (Lair:6)
  A fire crab (Lair:6)
  A storm dragon zombie (Zot:5)
  3 deep elf knights
  3 sea snakes
  A deep elf archer (Elf:3)
  2 harpies
  An ironbound convoker (Vaults:1)
  A necromancer (Depths:3)
  A lindwurm (Vaults:2)
  2 draconian zombies
  4 wolf spider zombies
  9 deep elf pyromancers
  3 deep elf zephyrmancers (Elf:1)
  11 ugly thing zombies
  2 moths of wrath (Zot:5)
  A faun (Shoals:4)
  A fire giant zombie (Depths:4)
  5 manticores
  A black mamba (Lair:6)
  A vault sentinel (Crypt:3)
  A torpor snail (Lair:6)
  2 merfolk sirens (Shoals:4)
  4 elf zombies
  A cane toad (Lair:6)
  2 white draconian zombies (Zot:4)
  10 redback zombies
  A yaktaur (Vaults:5)
  2 orb spider zombies (Spider:1)
  A harpy zombie (Shoals:1)
  2 sea snake zombies (Shoals:1)
  A merfolk (Shoals:4)
  A demonic crawler zombie (Spider:1)
  A tengu simulacrum (Depths:2)
  9 moth of wrath zombies
  2 hydra zombies
  A wind drake (Shoals:4)
  4 slime creatures
  A boulder beetle zombie (D:11)
  A sun moth zombie (Spider:2)
  3 culicivora zombies
  A frost giant simulacrum (Depths:2)
  A great orb of eyes zombie (Vaults:3)
  2 meliai zombies (Spider:4)
  3 jumping spider zombies
  3 tarantella zombies
  2 snapping turtles (Shoals:4)
  2 black mamba zombies
  4 slime creature zombies (Vaults:2)
  3 wind drake zombies
  A human (D:13)
  4 redbacks (Spider:1)
  A vampire mosquito (Spider:2)
  8 ogre zombies (Orc:2)
  2 merfolk zombies (Shoals:3)
  4 two-headed ogre zombies
  2 cane toad zombies (Lair:6)
  3 manticore zombies
  A lindwurm zombie (Vaults:1)
  An elephant zombie (Lair:4)
  3 blink frog zombies
  4 torpor snail zombies (Spider:1)
  5 rime drake zombies
  4 vampire mosquito zombies (Spider:2)
  3 hell hound zombies (D:13)
  3 wyvern zombies
  A cyclops zombie (D:11)
  6 water moccasin zombies
  13 human zombies
  14 yak zombies
  A troll zombie (D:10)
  9 wolf zombies
  13 centaur zombies
  3 bullfrog zombies
  5 killer bee zombies (D:9)
  2 hound zombies (D:5)
  A howler monkey zombie (D:11)
  An electric eel zombie (Lair:3)
  An orc (D:8)
  8 gnoll zombies
  A goblin zombie (D:4)
  2 kobold zombies (D:12)
  16 orc zombies
  62 fungi
  272 plants
663 creatures vanquished.

Grand Total: 3186 creatures vanquished

Notes
Turn   | Place    | Note
-------+----------+-------------------------------------------
     0 | D:1      | 2FriedEggs the Demonspawn Necromancer began the quest for
                  | the Orb.
     0 | D:1      | Reached XP level 1. HP: 13/13 MP: 3/3
   207 | D:1      | Reached skill level 1 in Fighting
   537 | D:1      | Gained mutation: You have a pair of small antennae on your
                  | head. [demonic ancestry]
   537 | D:1      | Reached XP level 2. HP: 19/21 MP: 0/5
   646 | D:1      | Found a faded altar of an unknown god.
   853 | D:2      | Noticed Natasha
  1120 | D:2      | Reached skill level 5 in Necromancy
  1120 | D:2      | Gained mutation: You are partially covered in icy blue
                  | scales. (AC +2) [demonic ancestry]
  1120 | D:2      | Reached XP level 3. HP: 23/27 MP: 6/6
  1126 | D:2      | Learned a level 3 spell: Vampiric Draining
  1234 | D:2      | Gained mutation: You have a pair of antennae on your head.
                  | [demonic ancestry]
  1234 | D:2      | Reached XP level 4. HP: 18/34 MP: 6/7
  1539 | D:2      | Killed Natasha
  1713 | D:2      | Noticed Natasha
  1720 | D:2      | Killed Natasha
  1721 | D:2      | Gained mutation: You are partially covered in sharp spines.
                  | [demonic ancestry]
  1721 | D:2      | Reached XP level 5. HP: 40/40 MP: 8/8
  1969 | D:2      | Noticed Terence
  1977 | D:2      | Killed Terence
  2470 | D:3      | Learned a level 4 spell: Animate Dead
  2820 | D:4      | Gained mutation: You regenerate magic rapidly. [demonic
                  | ancestry]
  2820 | D:4      | Reached XP level 6. HP: 47/47 MP: 10/10
  2890 | D:4      | Noticed Pikel
  3247 | D:4      | Reached XP level 7. HP: 45/54 MP: 12/12
  3434 | D:4      | Killed Pikel
  3670 | D:5      | Entered Level 5 of the Dungeon
  3680 | D:5      | Reached XP level 8. HP: 61/61 MP: 14/14
  3686 | D:5      | Identified the +7 whip "Goegaitz" {vorpal, Int+2}
  3765 | D:5      | Reached skill level 5 in Fighting
  4162 | D:6      | Reached skill level 5 in Spellcasting
  4170 | D:6      | Reached skill level 10 in Necromancy
  4501 | D:6      | Gained mutation: You are mostly covered in icy blue scales.
                  | (AC +3) [demonic ancestry]
  4501 | D:6      | Reached XP level 9. HP: 62/69 MP: 17/17
  5198 | D:6      | Learned a level 5 spell: Agony
  5527 | D:7      | Found a staircase to the Ecumenical Temple.
  5649 | Temple   | Entered the Ecumenical Temple
  5902 | Temple   | Became a worshipper of Kikubaaqudgha
  6304 | D:7      | Reached skill level 1 in Shields
  6391 | D:7      | Found a basalt altar of Yredelemnul.
  6961 | D:8      | Noticed Psyche
  6971 | D:8      | Killed Psyche
  6989 | D:8      | Reached XP level 10. HP: 74/79 MP: 18/18
  6989 | D:8      | Your ally Psyche died
  7111 | D:8      | Noticed Gastronok
  7208 | D:8      | Reached * piety under Kikubaaqudgha
  7208 | D:8      | Received a gift from Kikubaaqudgha
  7272 | D:8      | Noticed Maggie
  7284 | D:8      | Killed Maggie
  7319 | D:8      | Killed Gastronok
  7368 | D:8      | Learned a level 2 spell: Sublimation of Blood
  7828 | D:9      | Found a staircase to the Orcish Mines.
  7925 | D:9      | Noticed a two-headed ogre
  7937 | D:9      | Killed a two-headed ogre
  7938 | D:9      | Gained mutation: You have a pair of large antennae on your
                  | head. (SInv) [demonic ancestry]
  7938 | D:9      | Reached XP level 11. HP: 39/89 MP: 14/19
  8093 | D:9      | Reached ** piety under Kikubaaqudgha
  8149 | D:9      | Noticed a two-headed ogre
  8163 | D:9      | Killed a two-headed ogre
  8363 | D:9      | Reached skill level 1 in Armour
  8739 | D:10     | Entered Level 10 of the Dungeon
  9031 | D:10     | Found a staircase to the Lair.
  9100 | D:10     | Noticed a two-headed ogre
  9103 | D:10     | Noticed a two-headed ogre
  9116 | D:10     | Killed a two-headed ogre
  9119 | D:10     | Killed a two-headed ogre
  9120 | D:10     | Reached skill level 15 in Necromancy
  9477 | D:10     | Noticed Maurice
  9488 | D:10     | Killed Maurice
  9686 | D:11     | Noticed Snorg
  9686 | D:11     | Noticed Erica
  9699 | D:10     | Killed Snorg
  9734 | D:11     | Noticed a two-headed ogre
  9741 | D:11     | Killed a two-headed ogre
  9742 | D:11     | Reached skill level 10 in Fighting
  9895 | D:11     | Noticed a red ugly thing
  9904 | D:11     | Killed a red ugly thing
  9909 | D:11     | Reached XP level 12. HP: 94/97 MP: 18/20
  9921 | D:11     | Reached *** piety under Kikubaaqudgha
  9921 | D:11     | Received a gift from Kikubaaqudgha
  9934 | D:11     | Noticed a catoblepas
  9987 | D:10     | Killed Erica
 10174 | D:11     | Noticed Urug
 10184 | D:11     | Killed Urug
 10325 | D:11     | Learned a level 4 spell: Dispel Undead
 10384 | D:11     | Killed a catoblepas
 10536 | D:11     | Noticed a boulder beetle
 10536 | D:11     | Noticed a tengu warrior
 10548 | D:11     | Killed a tengu warrior
 10614 | D:11     | Killed a boulder beetle
 10711 | D:11     | Noticed a boulder beetle
 10713 | D:11     | Identified the ring of Sojemuiq {+Blink Fly rPois Dex-5
                  | SInv}
 10713 | D:11     | Noticed a rakshasa
 10713 | D:11     | Noticed a boulder beetle
 10727 | D:11     | Noticed a boulder beetle
 10731 | D:11     | Killed a boulder beetle
 10736 | D:11     | Killed a boulder beetle
 10747 | D:11     | Killed a boulder beetle
 10914 | Lair:1   | Entered Level 1 of the Lair of Beasts
 10959 | Lair:1   | Learned a level 6 spell: Death Channel
 11105 | Lair:1   | Found a transporter.
 11106 | Lair:1   | Noticed a boulder beetle
 11107 | Lair:1   | Found a transporter.
 11107 | Lair:1   | Noticed a boulder beetle
 11165 | Lair:1   | Reached **** piety under Kikubaaqudgha
 11291 | Lair:1   | Reached XP level 13. HP: 102/106 MP: 24/24
 12450 | Lair:2   | Identified the -4 pair of boots "Riptil" {rC++ Int-5}
 12649 | Lair:3   | Found a hole to the Spider Nest.
 12660 | Lair:3   | Reached ***** piety under Kikubaaqudgha
 12941 | Lair:3   | Identified the ring of Ucro {rPois rC+}
 13087 | Lair:3   | Found a staircase to the Shoals.
 13336 | Lair:4   | Found a frozen archway.
 13390 | IceCv    | Entered an ice cave
 13526 | IceCv    | Gained mutation: When hurt, damage is shared between your
                  | health and your magic reserves. [demonic ancestry]
 13526 | IceCv    | Reached XP level 14. HP: 52/116 MP: 20/27
 13647 | IceCv    | Noticed a frost giant
 13670 | IceCv    | Killed a frost giant
 13671 | IceCv    | Reached skill level 5 in Dodging
 14056 | Lair:4   | Reached skill level 5 in Armour
 14064 | Lair:4   | Reached ****** piety under Kikubaaqudgha
 14192 | Lair:4   | You fall into a shaft and drop 1 floor!
 14732 | Lair:5   | Found the +8 whip "Snakebite" {venom, curare, rPois}
 15519 | Lair:6   | Entered Level 6 of the Lair of Beasts
 15577 | Lair:6   | Paralysed by a hornet for 3 turns
 15691 | Lair:6   | Gained mutation: Your presence sometimes corrodes those you
                  | injure. [demonic ancestry]
 15691 | Lair:6   | Reached XP level 15. HP: 124/124 MP: 28/28
 15775 | Lair:6   | Noticed Rupert
 15783 | Lair:6   | Killed Rupert
 15943 | Lair:6   | Found a staircase to the Slime Pits.
 16207 | Lair:6   | Identified a scroll of acquirement
 16207 | Lair:6   | Acquired a book of Death
 16466 | Lair:6   | Found a runed translucent door.
 17262 | D:11     | Learned a level 5 spell: Borgnjor's Vile Clutch
 17447 | D:12     | Found a runed translucent door.
 17893 | D:12     | Noticed Linoleak's ghost (journeyman DrCj)
 18030 | D:12     | Got the Incunabulum of Enthralling Transformation
 18290 | D:12     | Found Fiusal's Distillery.
 18293 | D:12     | Found Heitokaff's Antique Weapon Shop.
 18345 | D:12     | Bought a potion of degeneration for 11 gold pieces
 18345 | D:12     | Bought a potion of attraction for 33 gold pieces
 18348 | D:12     | Bought a potion of ambrosia for 88 gold pieces
 18409 | D:12     | Killed Linoleak's ghost
 18463 | D:13     | Noticed Azrael
 18473 | D:13     | Killed Azrael
 18598 | D:13     | Noticed Kirke
 18609 | D:13     | Killed Kirke
 18941 | D:13     | Acquired the +0 pair of gloves "Cedeadd" {*Slow rC++ Str+6}
 19144 | D:13     | Reached skill level 10 in Spellcasting
 19294 | D:14     | Found Heramet's Armour Emporium.
 19364 | D:14     | Gained mutation: When low on magic, you restore magic in
                  | place of health. [demonic ancestry]
 19364 | D:14     | Reached XP level 16. HP: 126/134 MP: 24/30
 19381 | D:14     | Identified Roxanne's Catalogue of Clay
 19381 | D:14     | Noticed Roxanne
 19762 | D:14     | Found Udat's Magic Scroll Shop.
 19769 | D:14     | Bought a scroll of fog for 24 gold pieces
 19769 | D:14     | Bought a scroll of teleportation for 36 gold pieces
 19769 | D:14     | Bought a scroll of teleportation for 36 gold pieces
 19769 | D:14     | Bought 2 scrolls of identify for 48 gold pieces
 19769 | D:14     | Bought a scroll of enchant armour for 90 gold pieces
 19769 | D:14     | Bought a scroll of identify for 24 gold pieces
 19799 | D:14     | Found a gate to the Vaults.
 19930 | D:14     | Killed Roxanne
 19991 | D:14     | Found a stormy altar of Qazlal.
 20883 | D:15     | Entered Level 15 of the Dungeon
 20990 | D:15     | Noticed Nessos
 20997 | D:15     | Killed Nessos
 21225 | D:15     | Reached skill level 5 in Shields
 21499 | D:15     | Found a shimmering blue altar of Sif Muna.
 21870 | D:15     | Found a staircase to the Depths.
 22156 | Orc:1    | Entered Level 1 of the Orcish Mines
 22561 | Orc:2    | Entered Level 2 of the Orcish Mines
 22563 | Orc:2    | Noticed Jorgrun
 22575 | Orc:2    | Killed Jorgrun
 22582 | Orc:2    | Found a staircase to the Elven Halls.
 22645 | Orc:2    | Paralysed by an ogre mage for 3 turns
 22654 | Orc:2    | Found Itybas's Book Shoppe.
 22654 | Orc:2    | Found Yshrytumo's Antique Armour Shop.
 22654 | Orc:2    | Found Caxatz's Antique Armour Boutique.
 22654 | Orc:2    | Found Hots's Antique Armour Shoppe.
 22655 | Orc:2    | Reached skill level 15 in Fighting
 22806 | Orc:2    | Bought a Necronomicon for 784 gold pieces
 22807 | Orc:2    | Bought a polished leather armour for 224 gold pieces
 22807 | Orc:2    | Identified the +0 leather armour of the Hairy God {-Tele
                  | rPois rN+} (You bought it in a shop on level 2 of the
                  | Orcish Mines)
 22808 | Orc:2    | Bought a twisted robe for 182 gold pieces
 22808 | Orc:2    | Identified the +1 robe "Xonogylu" {rPois Str+3 Dex+3} (You
                  | bought it in a shop on level 2 of the Orcish Mines)
 23170 | Orc:2    | Learned a level 8 spell: Infestation
 23402 | Shoals:1 | Entered Level 1 of the Shoals
 23490 | Shoals:1 | Found a flickering gateway to a bazaar.
 23502 | Bazaar   | Entered a bazaar
 23502 | Bazaar   | Found Lode's Armour Shoppe.
 23502 | Bazaar   | Found Witoeruc's Armour Boutique.
 23502 | Bazaar   | Found Acaubeogg's Weapon Shoppe.
 23502 | Bazaar   | Found Geigynn's Book Shop.
 23544 | Bazaar   | Found Feafi's Weapon Shop.
 23575 | Bazaar   | Bought a book of Spatial Translocations for 260 gold pieces
 23703 | Spider:1 | Entered Level 1 of the Spider Nest
 23703 | Spider:1 | Noticed Nikola
 23719 | Spider:1 | Killed Nikola
 23720 | Spider:1 | Reached XP level 17. HP: 45/142 MP: 9/33
 24263 | Spider:2 | Identified the +1 leather armour of Dithmenos's Pride
                  | {Will+ Slay+2 Stlth+}
 25672 | Spider:4 | Entered Level 4 of the Spider Nest
 25754 | Spider:4 | Paralysed by a jorogumo for 2 turns
 25903 | Spider:4 | Upgraded the game from 0.29-a0-474-gdfe5cd140f to
                  | 0.29-a0-483-g69413ace17
 26678 | Spider:4 | Gained mutation: Your presence sometimes corrodes or
                  | deforms those you injure. [demonic ancestry]
 26678 | Spider:4 | Reached XP level 18. HP: 139/151 MP: 11/34
 26898 | Spider:4 | Got a gossamer rune of Zot
 26934 | Spider:4 | Identified the +1 pair of gloves of Daylicopn {Int+3 Dex+4}
 27742 | Shoals:1 | Noticed Aizul
 27750 | Shoals:1 | Killed Aizul
 28184 | Shoals:1 | Upgraded the game from 0.29-a0-483-g69413ace17 to
                  | 0.29-a0-490-g77b3608bb8
 28184 | Shoals:1 | Upgraded the game from 0.29-a0-490-g77b3608bb8 to
                  | 0.29-a0-495-g17b79114eb
 28233 | Shoals:2 | Noticed Louise
 28247 | Shoals:2 | Killed Louise
 28262 | Shoals:2 | Noticed Polyphemus
 28271 | Shoals:2 | Killed Polyphemus
 28556 | Shoals:2 | Noticed Ilsuiw
 28567 | Shoals:2 | Killed Ilsuiw
 28598 | Shoals:2 | Found Dynav's Antique Armour Boutique.
 28613 | Shoals:2 | Bought a scorched leather armour for 266 gold pieces
 28613 | Shoals:2 | Identified the +0 leather armour of Compression {rElec rN++
                  | Str-2 Stlth+} (You bought it in a shop on level 2 of the
                  | Shoals)
 28991 | Shoals:2 | Upgraded the game from 0.29-a0-495-g17b79114eb to
                  | 0.29-a0-520-gc852659d43
 29006 | Shoals:3 | HP: 6/154 [poisoned by a merfolk impaler]
 29011 | Shoals:2 | HP: 2/154 [poisoned by a merfolk impaler]
 29283 | Shoals:3 | Noticed Mlioglotl
 29291 | Shoals:3 | Killed Mlioglotl
 29333 | Shoals:3 | Found Akloqewul's Gadget Gallery.
 29715 | Shoals:3 | Identified a +2 demon trident of pain (a +0 demon trident
                  | of venom bloodied by Kikubaaqudgha)
 29715 | Shoals:3 | Received a gift from Kikubaaqudgha
 29770 | Shoals:4 | Entered Level 4 of the Shoals
 29817 | Shoals:4 | Found the +12 glaive of Prune {vorpal}
 29955 | Shoals:4 | Reached XP level 19. HP: 148/161 MP: 31/35
 30300 | Shoals:4 | Got a barnacled rune of Zot
 30333 | Shoals:4 | Identified the +1 robe of Juliam {Str+7 Int+3}
 30373 | Shoals:4 | Found Earendil's Dragon-Slaying Spoils.
 30649 | Shoals:4 | Upgraded the game from 0.29-a0-520-gc852659d43 to
                  | 0.29-a0-551-gffc1d7fb78
 30947 | Vaults:1 | Entered Level 1 of the Vaults
 30964 | Vaults:1 | Reached skill level 1 in Polearms
 31033 | Vaults:1 | Reached skill level 5 in Polearms
 31116 | Vaults:1 | Found a runed translucent door.
 31116 | Vaults:1 | Found a shimmering altar of Xom.
 31116 | Vaults:1 | Noticed valliere's ghost (adept DrMo)
 31139 | Vaults:1 | Killed valliere's ghost
 31153 | Vaults:1 | Identified the ring of Tytyewel {rC+ rCorr}
 31662 | Elf:1    | Entered Level 1 of the Elven Halls
 31836 | Elf:1    | Found a flickering gateway to a bazaar.
 31858 | Bazaar   | Entered a bazaar
 31858 | Bazaar   | Found Jyssaf Ohie's Antique Armour Shoppe.
 31858 | Bazaar   | Found Tinajoj's Weapon Emporium.
 31858 | Bazaar   | Found Enlewess's General Store.
 32017 | Elf:1    | Paralysed by an air elemental for 1 turns
 32050 | Elf:1    | Acquired 1102 gold pieces
 32385 | Shoals:4 | Bought the +3 pearl dragon scales of Lust {rElec rN+ Regen+
                  | Dex+5 Stlth-} for 1751 gold pieces
 32848 | Elf:1    | Noticed Agnes
 32855 | Elf:1    | Killed Agnes
 32874 | Elf:1    | Found a radiant altar of Vehumet.
 32926 | Elf:1    | Reached skill level 10 in Polearms
 33557 | Elf:2    | Found Vauth's Weapon Shoppe.
 33734 | Elf:2    | Found a runed translucent gate.
 33742 | Elf:2    | Found a runed translucent gate.
 33742 | Elf:2    | Found a runed translucent gate.
 33804 | Elf:2    | Reached XP level 20. HP: 163/170 MP: 36/36
 33919 | Elf:2    | Paralysed by an air elemental for 1 turns
 34232 | Elf:3    | Entered Level 3 of the Elven Halls
 34579 | Elf:3    | Found Poku's Book Shop.
 34954 | Elf:3    | Found Nutam Asma's Assorted Antiques.
 34957 | Elf:3    | Found Vepil's Antique Armour Shoppe.
 34957 | Elf:3    | Found Urajitsi's Assorted Antiques.
 34962 | Elf:3    | Bought a fine ring mail for 189 gold pieces
 34962 | Elf:3    | Identified the +5 ring mail of Hepliaklqana's Whim {rF+
                  | Dex+3} (You bought it in a shop on level 3 of the Elven
                  | Halls)
 34963 | Elf:3    | Found Ymul's Assorted Antiques.
 35165 | Elf:3    | Identified the +1 ring mail of Neits {Str+2 Int+6 Slay-4}
 35322 | Elf:3    | Identified the amulet "Qoycuockei" {Reflect +Blink rF+
                  | SH+5}
 35327 | Elf:3    | Learned a level 2 spell: Blink
 36084 | Vaults:1 | Reached skill level 1 in Translocations
 36358 | Vaults:1 | Found a portal to a secret trove of treasure.
 36510 | Vaults:1 | You fall into a shaft and drop 1 floor!
 36684 | Vaults:2 | Found Uruet's General Store.
 37078 | Elf:3    | Bought a steaming buckler for 294 gold pieces
 37078 | Elf:3    | Identified the +2 buckler of Ethereal Fun {rCorr} (You
                  | bought it in a shop on level 3 of the Elven Halls)
 37740 | Elf:3    | Bought a scroll of acquirement for 1456 gold pieces
 37742 | Elf:3    | Acquired 416 gold pieces
 38477 | Vaults:2 | Gained mutation: You are mostly covered in sharp spines.
                  | [demonic ancestry]
 38477 | Vaults:2 | Reached XP level 21. HP: 176/176 MP: 37/37
 38523 | Vaults:2 | Learned a level 5 spell: Manifold Assault
 38789 | Vaults:2 | Acquired the +3 Elemental Staff {rElec rF++ rC++ AC+5}
 38789 | Vaults:2 | Found the +3 Elemental Staff {rElec rF++ rC++ AC+5}
 39332 | Vaults:3 | Reached skill level 5 in Translocations
 39412 | Vaults:3 | Paralysed by a great orb of eyes for 5 turns
 39799 | Vaults:3 | Found Unajie's General Store.
 39890 | Vaults:3 | Found Siepn's General Store.
 39995 | Vaults:3 | Found Tudolef's Armour Shoppe.
 40009 | Vaults:3 | Found Dismus's Weapon Boutique.
 40025 | Vaults:3 | Found Duhiuh's Assorted Antiques.
 40271 | Vaults:3 | Found a staircase to the Crypt.
 40271 | Vaults:3 | Found a basalt altar of Yredelemnul.
 40272 | Vaults:3 | Found an ancient bone altar of Kikubaaqudgha.
 40364 | Vaults:4 | Found a flickering gateway to a bazaar.
 40370 | Bazaar   | Entered a bazaar
 40371 | Bazaar   | Found Qucraner's Jewellery Shop.
 40371 | Bazaar   | Found Fyda Coro's General Store.
 40372 | Bazaar   | Found Qocakh's Jewellery Emporium.
 40373 | Bazaar   | Found Lasmulutao's Antique Armour Emporium.
 40390 | Bazaar   | Bought a pair of polished boots for 285 gold pieces
 40390 | Bazaar   | Identified the +1 pair of boots of the Poles {Int+5 Slay-6}
                  | (You bought it in a shop in a bazaar)
 40427 | Bazaar   | Bought the ring "Fangiz" {Fly rN+ Will+} for 312 gold
                  | pieces
 40473 | Vaults:4 | Found a crumbling gateway.
 40479 | Desolati | Entered the Desolation of Salt
 40597 | Desolati | Identified the ring "Oraamn" {Fly rF+ Str-3 Dex+6 Slay+6}
 40605 | Desolati | Identified the +8 hand axe "Idisa" {vorpal, Str+9 Dex+8}
 40704 | Desolati | Identified the +1 scale mail of Divine Compulsion {rF+
                  | Dex+5}
 40711 | Desolati | Identified the +5 whip of Conscience {vorpal, Contam rN+
                  | Will+}
 40734 | Desolati | Found the +0 staff of Battle
 40737 | Desolati | Identified the ring "Zaqo" {rPois Will+ Dex+4}
 40747 | Desolati | Identified the +0 cloak "Olevat" {rF+ MP+9 Int-4}
 41022 | Desolati | Reached skill level 27 in Necromancy
 41471 | Vaults:4 | Gained mutation: You are completely covered in sharp
                  | spines. [demonic ancestry]
 41471 | Vaults:4 | Reached XP level 22. HP: 186/186 MP: 38/38
 41693 | Vaults:4 | Identified the +4 chain mail of the Spider Nest {rN+ Str+5
                  | Int-3 Dex+4}
 43323 | Crypt:1  | Entered Level 1 of the Crypt
 43406 | Crypt:1  | Reached skill level 10 in Translocations
 43558 | Crypt:1  | Found a basalt altar of Yredelemnul.
 43794 | Crypt:1  | Found a huge runed translucent gate.
 43797 | Crypt:1  | Found a huge runed translucent gate.
 43797 | Crypt:1  | Found a huge runed translucent gate.
 43797 | Crypt:1  | Found a huge runed translucent gate.
 43798 | Crypt:1  | Found a huge runed translucent gate.
 43798 | Crypt:1  | Found a huge runed translucent gate.
 43800 | Crypt:1  | Found a huge runed translucent gate.
 43801 | Crypt:1  | Found a huge runed translucent gate.
 43801 | Crypt:1  | Found a huge runed translucent gate.
 43801 | Crypt:1  | Found the +7 great mace "Undeadhunter" {disrupt, rN+}
 44361 | Crypt:1  | Reached skill level 10 in Dodging
 44550 | Crypt:2  | Noticed a juggernaut
 44933 | Crypt:2  | Reached skill level 10 in Armour
 45360 | Crypt:3  | Entered Level 3 of the Crypt
 45652 | Crypt:3  | Found the +7 sceptre of Torment {pain, torment}
 45937 | Crypt:3  | Gained mutation: You can speak a Word of Chaos. [demonic
                  | ancestry]
 45937 | Crypt:3  | Reached XP level 23. HP: 74/196 MP: 7/40
 46008 | Crypt:3  | Noticed an ancient lich
 46008 | Crypt:3  | Noticed an ancient lich
 46008 | Crypt:3  | Noticed an ancient lich
 46008 | Crypt:3  | Noticed an ancient lich
 46081 | Crypt:3  | Killed an ancient lich
 46083 | Crypt:3  | Killed an ancient lich
 46086 | Crypt:3  | Killed an ancient lich
 46089 | Crypt:3  | Killed an ancient lich
 46157 | Crypt:3  | Identified the ring of Sloth {Fly Int+4}
 46159 | Crypt:3  | Identified the ring of Meram {Fly Str+5 Int+2 Stlth+}
 46318 | Crypt:3  | Found a staircase to the Tomb.
 46528 | Vaults:5 | Entered Level 5 of the Vaults
 46554 | Vaults:5 | Found Caerusko's Book Boutique.
 46648 | Vaults:5 | Noticed a dread lich
 46654 | Vaults:5 | Killed a dread lich
 46655 | Vaults:5 | Reached skill level 15 in Spellcasting
 46670 | Vaults:5 | Noticed Sojobo
 46690 | Vaults:5 | Killed Sojobo
 46842 | Vaults:5 | Noticed an ancient lich
 46853 | Vaults:5 | Killed an ancient lich
 47102 | Vaults:5 | Got a silver rune of Zot
 47168 | Vaults:5 | Identified the ring of Ycweamaq {Wiz rPois rN++ Dex-2}
 47180 | Vaults:5 | Learned a level 9 spell: Death's Door
 47659 | Vaults:5 | Reached XP level 24. HP: 196/205 MP: 38/42
 48417 | Depths:1 | Entered Level 1 of the Depths
 48438 | Depths:1 | Found a one-way gate to the infinite horrors of the Abyss.
 48473 | Depths:1 | Found Acax's Antique Armour Shoppe.
 48473 | Depths:1 | Found Ujimit's Book Emporium.
 48476 | Depths:1 | Found Ciar's Antique Weapon Shoppe.
 48515 | Depths:1 | Found an ornate altar of the Wu Jian Council.
 48752 | Depths:1 | Found a gateway to Hell.
 49535 | Shoals:4 | Bought +0 gold dragon scales for 1120 gold pieces
 49816 | Vaults:1 | You paid a toll of +2 gold dragon scales to enter a
                  | treasure trove
 49817 | Trove    | Entered a treasure trove
 49822 | Trove    | Found the +4 moon troll leather armour {Spirit, Regen++
                  | MP+5}
 49822 | Trove    | Found the +7 captain's cutlass {speed, disarm}
 49824 | Trove    | Identified the ring of Janefodd {rC+ rN+ Str-5 Slay+3}
 49834 | Trove    | Identified the +1 scale mail "Enoemmes" {-Tele *Slow rPois
                  | rN+++}
 49841 | Trove    | Identified the +2 cloak "Uvuiruess" {rElec rPois}
 49861 | Trove    | Identified the +5 bardiche of Suicidal Tendencies
                  | {antimagic, +Blink Will++ rCorr Int-5}
 49862 | Trove    | Identified the ring of the Komodo Dragon {+Blink rC+ Int-4
                  | Dex+7}
 50181 | Depths:2 | Noticed Vv
 50201 | Depths:2 | Killed Vv
 50252 | Depths:2 | Found the +3 robe of Clouds {*Thunder rCloud rElec}
 50333 | Depths:2 | Noticed Asterion
 50341 | Depths:2 | Killed Asterion
 50369 | Depths:2 | Found a one-way gateway to a ziggurat.
 50440 | Depths:2 | Identified the ring of Modasi {Ice rN+ SInv}
 50440 | Depths:2 | Noticed Josephina
 50448 | Depths:2 | Killed Josephina
 50961 | Depths:2 | Found a one-way gate leading to the halls of Pandemonium.
 51070 | Depths:2 | You are sucked into a shaft and drop 2 floors!
 51070 | Depths:4 | Entered Level 4 of the Depths
 51144 | Depths:3 | Noticed Mennas
 51171 | Depths:3 | Killed Mennas
 51364 | Depths:2 | Found a hazy altar of Hepliaklqana.
 51587 | Depths:3 | Found an iron altar of Okawaru.
 51748 | Depths:3 | Found a runed translucent door.
 51748 | Depths:3 | Found a shimmering altar of Xom.
 51748 | Depths:3 | Noticed Zidour's ghost (adept DsBe)
 51756 | Depths:3 | Found a corrupted altar of Lugonu.
 52540 | Depths:4 | Reached XP level 25. HP: 190/216 MP: 29/42
 52898 | Depths:4 | Found a gate to the Realm of Zot.
 53425 | Zot:1    | Entered Level 1 of the Realm of Zot
 53519 | Zot:1    | Gained mutation: Your magical capacity is low. (-10% MP)
                  | [mutagenic glow]
 53742 | Zot:1    | Reached skill level 15 in Dodging
 53760 | Zot:1    | Gained mutation: You are completely covered in icy blue
                  | scales. (AC +4, rC+) [demonic ancestry]
 53760 | Zot:1    | Reached XP level 26. HP: 213/227 MP: 28/38
 53785 | Zot:1    | Lost mutation: Your magical capacity is low. (-10% MP)
                  | [potion of mutation]
 53785 | Zot:1    | Gained mutation: You are agile. (Dex +2) [potion of
                  | mutation]
 53785 | Zot:1    | Gained mutation: Your flesh is heat resistant. (rF+)
                  | [potion of mutation]
 53825 | Zot:1    | Reached skill level 15 in Armour
 54298 | Zot:2    | Found a runed translucent door.
 54299 | Zot:2    | Found a shimmering altar of Xom.
 54299 | Zot:2    | Noticed gimp's ghost (veteran MeFi)
 54316 | Zot:2    | Upgraded the game from 0.29-a0-551-gffc1d7fb78 to
                  | 0.29-a0-553-g81b289dbe5
 54548 | Zot:2    | Noticed an orb of fire
 54561 | Zot:2    | Killed an orb of fire
 54809 | Zot:2    | Identified the ring of Mirth {Str+6 Int+3}
 55125 | Zot:2    | Killed gimp's ghost
 56089 | Zot:3    | Identified the +5 scale mail "Ahamuq" {rElec Will+ Str+3
                  | Int-3}
 56357 | Zot:4    | Reached XP level 27. HP: 229/237 MP: 42/42
 57339 | Zot:5    | Entered Level 5 of the Realm of Zot
 57780 | Zot:5    | Found the dreamshard necklace {*Dream Drain}
 58113 | Zot:5    | Noticed a dread lich
 58115 | Zot:5    | Noticed an orb of fire
 58115 | Zot:5    | Noticed an orb of fire
 58116 | Zot:5    | Gained mutation: Your magical capacity is low. (-10% MP)
                  | [an orb of fire]
 58117 | Zot:5    | Noticed a dread lich
 58118 | Zot:5    | Killed a dread lich
 58125 | Zot:5    | Killed an orb of fire
 58130 | Zot:5    | Killed an orb of fire
 58132 | Zot:5    | Noticed an orb of fire
 58140 | Zot:5    | Killed an orb of fire
 58141 | Zot:5    | Noticed an orb of fire
 58142 | Zot:5    | Noticed an orb of fire
 58161 | Zot:5    | Killed an orb of fire
 58163 | Zot:5    | Noticed an ancient lich
 58187 | Zot:5    | Killed an ancient lich
 58188 | Zot:5    | Noticed a dread lich
 58192 | Zot:5    | Killed a dread lich
 58193 | Zot:5    | Reached skill level 27 in Fighting
 58197 | Zot:5    | Killed a dread lich
 58309 | Zot:5    | Noticed an ancient lich
 58314 | Zot:5    | Killed an ancient lich
 58558 | Zot:5    | Killed an orb of fire
 59253 | Zot:5    | Got the Orb of Zot
 59529 | D:15     | Noticed Gukhos the pandemonium lord
 59568 | D:13     | Noticed a seraph
 59807 | D:$      | Escaped with the Orb!

Illustrated notes

Levels and vault maps discovered:
D:1:      lemuel_arrival_tunnels, layout_rooms, basic_ecumenical_altar
D:2:      layout_rooms, minmay_tree_intersection, uniq_terence, uniq_natasha
D:3:      kennysheep_big_flooded_room, layout_basic
D:4:      layout_cave_pods, kennysheep_opposing_triangles, uniq_pikel
D:5:      layout_rooms
D:6:      corexii_shack_village, layout_basic, kennysheep_mini_moat,
          grunt_ministairs_5
D:7:      layout_loops_corners, mainiacjoe_overflow_catwalk,
          minmay_temple_entry_poolview, minmay_misc_feat_five
D:8:      layout_cave_pools, grunt_livestock, uniq_gastronok, uniq_maggie,
          uniq_psyche
D:9:      layout_roguey, orc_0_dummy
D:10:     layout_roguey, erik_lair_orcish_takeover, minivault_25,
          chequers_serial_rivers_micro_a, chequers_serial_rivers_room_a,
          uniq_maurice
D:11:     minmay_the_grid_octo_2x2 [minmay_the_grid_octo_chip,
          minmay_the_grid_octo_checkerflower, minmay_the_grid_octo_clover,
          minmay_the_grid_octo_prize_ultimate_mussel_roller], layout_rooms,
          uniq_snorg, uniq_erica, uniq_urug
D:12:     layout_irregular_city, ebering_ghost_inner_flame,
          nicolae_wooded_promenade
D:13:     layout_roguey, chequers_decorated_corner, uniq_azrael, uniq_kirke
D:14:     layout_stronghold, erik_vaults_2, serial_shops, nicolae_shop_stone,
          shop_fountains, grunt_qazlal_clouds, hangedman_stone_soup,
          uniq_roxanne
D:15:     gammafunk_enter_depths_forms, layout_loops_cross,
          nicolae_sif_muna_condensation, uniq_nessos
Temple:   mainiacjoe_temple_big_plus
Lair:1:   gammafunk_boulding_lane, layout_misc_corridors
Lair:2:   layout_chaotic_city, chequers_serial_rivers_large_a, evilmike_ambush
          [evilmike_ambush_outer_basic, evilmike_ambush_inner_basic]
Lair:3:   layout_cave_shapes, elwin_shoals_entry_rooms,
          spider_nest_entry_web_field, serial_bayou_lagoon_a, minivault_25,
          cheibrodos_lair_reptile_den
Lair:4:   layout_big_grid, portal_ice_cave_entry_pillars_1, beast_lair_carwin_4
Lair:5:   minmay_guarded_unrand_snakebite, layout_concentric_octagons,
          beast_lair_carwin_9, lemuel_fruit_fields, lemuel_fruit_tree
Lair:6:   hangedman_lair_tendril_chambers, layout_long_grid, wormcave,
          minmay_slime_entry_oklob_enclosed, serial_bayou_pond_b, uniq_rupert
Shoals:1: layout_shoals, serial_shops, bzr_firewalk,
          nicolae_shoals_flooded_hall, uniq_aizul
Shoals:2: layout_shoals, serial_shops, nicolae_stop_n_shop_2, uniq_louise,
          uniq_polyphemus, uniq_ilsuiw
Shoals:3: layout_shoals, nicolae_shop_gadgets, uniq_mlioglotl
Shoals:4: shoals_end_simple, layout_shoals, nicolae_shop_dragon_depot
Spider:1: nicolae_spider_mines_3, worms_lemuel, uniq_nikola
Spider:2: layout_spider_delve, drop_trap, nicolae_spider_swamp_cousins
Spider:3: layout_spider_delve
Spider:4: guppyfry_spider_rune, nicolae_spider_undead_wolf_pack
Orc:1:    layout_caves
Orc:2:    st_orc_ogre_mass, layout_caves, uniq_jorgrun
Elf:1:    eino_elf_arrival_customs, layout_loops_corners, serial_shops,
          bzr_entry_lakeside, basic_altar, minivault_28, uniq_agnes
Elf:2:    nicolae_elf_blades_splatter_lattice
          [nicolae_blade_entry_area_security], layout_geoelf_grid, serial_shops,
          nicolae_shop_advertising_works [nicolae_subvault_shop_adworks]
Elf:3:    grunt_elf_hall_branching, layout_onion_city, serial_shops, shop,
          minmay_checkered_concentric_circles, minmay_shoptagon
Vaults:1: ebering_ghost_xom, dpeg_vaults_monster_row, ontoclasm_vaults_hangar,
          vaults_room_pools, vaults_mumra_lcd, vaults_room_large_hall,
          grunt_vaults_funnel, grunt_vaults_hallway_short, v_misc_29, v_misc_26,
          layout_vaults_omnigrid, enter_trove_6
Vaults:2: hangedman_vaults_corner, nicolae_vaults_quartermaster,
          vaults_mumra_minichess, v_misc_17, ontoclasm_vaults_decontamination,
          vaults_room_fours, hangedman_vaults_hat, hangedman_vaults_stream,
          vaults_room_pools, v_misc_1, vaults_dpeg_cross,
          vaults_room_mumra_shop_pool, layout_vaults_maze_snakey
Vaults:3: st_cells, v_misc_27, v_alt_pattern_6, minmay_crypt_entry_necro_gods,
          v_rooms_3, vaults_dpeg_hooks, ontoclasm_vaults_eye, v_alt_pattern_3,
          grunt_vaults_swirl, serial_ice_m, nicolae_vaults_what_the_h,
          vaults_room_stairs_pillars, layout_vaults_ring, serial_shops,
          nicolae_shop_trees, shop, shop, shop, shop
Vaults:4: portal_desolation_entry_ruin, v_pattern_5, hangedman_vaults_trim,
          v_misc_33, vaults_standard_mumra_x, hangedman_vaults_nodes,
          nicolae_vaults_little_squares_1, nicolae_vaults_angled_halls,
          layout_vaults_chaotic_city, serial_shops, bzr_entry_safe
Vaults:5: serial_shops, uniq_sojobo
Crypt:1:  cheibrodos_crypt_3hun_7po, layout_catacombs, basic_altar,
          grunt_ministairs_12, tombwall_bobbens
Crypt:2:  layout_misc_corridors, grunt_megastairs_1
Crypt:3:  david_glass_crypt, layout_chaotic_city, tomb_entry_pyramid_bobbens,
          minmay_misc_feat_cross, grunt_megastairs_5
Depths:1: layout_roguey, abyss_entry, hellmouth_3,
          pdpol_wu_jian_five_deadly_venoms, roderic_serpentine_path,
          minmay_shop_star
Depths:2: minmay_cut_squares, layout_gridlike, enter_ziggurat_f,
          rand_demon_pan_entry_1, grunt_hell_entry_dis_grunt,
          nicolae_hepliaklqana_hippocampus, uniq_vv, uniq_josephina,
          uniq_asterion
Depths:3: kennysheep_spiral_hall, layout_small_grid, rand_demon_pan_entry_7,
          pf_coc_iceberg, lemuel_doored_altar, ebering_ghost_xom,
          abyss_entry_flame_altar, uniq_margery, uniq_mennas
Depths:4: grunt_zot_entry_funnels, layout_honeycomb, grunt_pan_entry_spiral,
          chequers_serial_rivers_micro_c, hell_entry, minmay_microvault
Zot:1:    layout_misc_corridors
Zot:2:    layout_gridlike, ebering_ghost_xom
Zot:3:    layout_basic
Zot:4:    layout_basic, zot_minivault_4
Zot:5:    layout_gridlike, st_stairs_8, grunt_ministairs_12,
          hangedman_zot_diagonal_lockstep, lemuel_golem_globe

Skill      XL: |  1  2  3  4  5  6  7  8  9 10 11 12 13 14 15 16 17 18 19 20 21 22 23 24 25 26 27 |
---------------+----------------------------------------------------------------------------------+-----
Fighting       | 1 2 3 4 6 7 9 10 11 12 13 14 15 16 17 18 19 20 21 22 23 27 | 27.0
Necromancy     | 5 6 7 8 10 11 14 15 17 19 20 21 22 23 25 27 | 27.0
Spellcasting   | 3 4 5 7 9 10 12 13 15 | 15.9
Shields        | 3 4 6 |  6.1
Dodging        | 4 6 7 9 10 12 14 15 16 | 16.4
Armour         | 3 4 6 7 8 9 10 11 14 15 16 | 16.3
Polearms       | 10 14 | 14.0
Translocations | 3 8 10 | 10.7
Stealth        | |  1.7

Action                   |  1- 3 |  4- 6 |  7- 9 | 10-12 | 13-15 | 16-18 | 19-21 | 22-24 | 25-27 || total
-------------------------+-------+-------+-------+-------+-------+-------+-------+-------+-------++-------
Melee: Spear             |    17 |       |       |       |       |       |       |       |       ||    17
       Whip              |       |    28 |   174 |   296 |   548 |    48 |       |       |       ||  1094
       Punch             |       |     1 |     2 |       |       |       |       |       |       ||     3
       Staff             |       |       |       |       |    24 |    90 |     3 |       |       ||   117
       Demon trident     |       |       |       |       |       |       |   495 |   697 |   739 ||  1931
 Cast: Necrotize         |    55 |    96 |    38 |    54 |     2 |       |       |       |       ||   245
       Vampiric Draining |       |     1 |    20 |    87 |    28 |    14 |       |       |       ||   150
       Animate Dead      |       |     1 |     5 |    10 |    14 |    26 |    20 |    15 |     7 ||    98
       Agony             |       |       |       |    21 |    14 |     8 |       |       |       ||    43
       Death Channel     |       |       |       |     4 |    52 |    50 |    54 |    31 |    30 ||   221
       Dispel Undead     |       |       |       |     4 |     7 |     2 |     4 |    31 |    10 ||    58
       Sublimation of Bl |       |       |       |     3 |     8 |    12 |     1 |     4 |     6 ||    34
       Borgnjor's Vile C |       |       |       |       |    34 |   135 |    10 |     3 |     1 ||   183
       Infestation       |       |       |       |       |       |    44 |   131 |   192 |   127 ||   494
       Blink             |       |       |       |       |       |       |     1 |       |       ||     1
       Manifold Assault  |       |       |       |       |       |       |       |     7 |    41 ||    48
       Death's Door      |       |       |       |       |       |       |       |     2 |       ||     2
Invok: Unearth Wretches  |       |       |       |       |     2 |     4 |     9 |    12 |     5 ||    32
       Brand Weapon With |       |       |       |       |       |     1 |       |       |       ||     1
Evoke: Wand              |       |       |       |       |     3 |     1 |       |       |       ||     4
       Condenser vane    |       |       |       |       |     1 |       |       |       |       ||     1
  Use: Potion            |       |       |       |     1 |       |     3 |       |       |     2 ||     6
       Scroll            |       |       |       |       |    23 |    16 |     6 |    10 |    10 ||    65
 Stab: Sleeping          |       |       |     1 |     1 |       |       |       |       |       ||     2
       Distracted        |       |       |     1 |     4 |     9 |     1 |    15 |    16 |    13 ||    59
       Paralysed         |       |       |       |       |     3 |     1 |     6 |     5 |     1 ||    16
Armor: Robe              |     8 |     1 |    22 |    14 |       |       |       |       |       ||    45
       Leather armour    |       |     9 |    60 |       |       |       |       |       |       ||    69
       Acid dragon scale |       |       |       |   216 |   373 |   154 |    24 |       |       ||   767
       Pearl dragon scal |       |       |       |       |       |       |   170 |   247 |   241 ||   658
Dodge: Dodged            |    36 |    26 |   110 |   238 |   446 |   250 |   217 |   260 |   362 ||  1945
Block: Buckler           |       |       |       |   102 |   189 |   123 |   120 |   148 |   157 ||   839

Table legend: (Time is in decaauts)
 A = Elapsed time spent in this place.
 B = Non-inter-level travel time spent in this place.
 C = Inter-level travel time spent in this place.
 D = Time resting spent in this place.
 E = Time spent auto-exploring this place.
 F = Levels seen in this place.
 G = Mean time per level.
                   A        B        C        D        E       F      G
               +--------+--------+--------+--------+--------+-----+--------+
         Total |  60161 |  52287 |   7874 |   3104 |  30467 |  58 | 1037.3 |
       Dungeon |  17959 |  14811 |   3148 |   1743 |   8590 |  15 | 1197.3 |
        Temple |    283 |    234 |     49 |      0 |    226 |   1 |  283.0 |
          Lair |   6196 |   5278 |    918 |    224 |   3044 |   6 | 1032.7 |
        Shoals |   4715 |   3833 |    882 |    296 |   1832 |   4 | 1178.8 |
   Spider Nest |   3608 |   3346 |    262 |    333 |   1507 |   4 |  902.0 |
  Orcish Mines |   1445 |   1163 |    282 |     64 |    663 |   2 |  722.5 |
   Elven Halls |   3543 |   2911 |    632 |      0 |   1703 |   3 | 1181.0 |
        Vaults |   7402 |   6363 |   1039 |      0 |   3892 |   5 | 1480.4 |
         Crypt |   3028 |   2858 |    170 |     83 |   1805 |   3 | 1009.3 |
        Depths |   4201 |   3922 |    279 |      0 |   2842 |   4 | 1050.2 |
           Zot |   5801 |   5591 |    210 |    286 |   3584 |   5 | 1160.2 |
        Bazaar |    307 |    307 |      0 |      0 |    184 |   3 |  102.3 |
         Trove |    134 |    134 |      0 |      0 |      7 |   1 |  134.0 |
      Ice Cave |    635 |    635 |      0 |     75 |    197 |   1 |  635.0 |
    Desolation |    898 |    898 |      0 |      0 |    389 |   1 |  898.0 |
               +--------+--------+--------+--------+--------+-----+--------+

Top non-repeatable levels by time:
Vaults:1: 2132 daAuts
   Zot:5: 1896 daAuts
    D:11: 1815 daAuts
    D:10: 1782 daAuts
Vaults:5: 1657 daAuts
    D:14: 1504 daAuts
Shoals:1: 1485 daAuts
   Elf:3: 1404 daAuts
Vaults:4: 1367 daAuts
  Lair:6: 1366 daAuts
   Elf:1: 1353 daAuts
    D:12: 1342 daAuts
     D:7: 1320 daAuts
    D:15: 1284 daAuts
     D:9: 1276 daAuts
